[Event "Titled Tuesday Blitz July 18 Late 2023"]
[White "Jorajuria Mendoza, Algol"]
[Black "Arencibia Monduy, Antonio"]
[WhiteFideId "5128897"]
[BlackFideId "3507939"]
[WhiteElo "2356"]
[BlackElo "2548"]
[Result "1-0"]
[Round "2"]
[TimeControl "180+2"]
[Date "2023.07.18"]
[WhiteClock "0:00:08"]
[BlackClock "0:00:00"]
[Board "129"]

1. e4 e6 2. d4 c5 3. c3 cxd4 4. cxd4 d5 5. Nc3 dxe4 6. Nxe4 Nf6 7. Bd3 Be7 8. Nf3 O-O 9. O-O Nc6 10. Bg5 h6 11. Bh4 Nxe4 12. Bxe7 Qxe7 13. Bxe4 Rd8 14. Bxc6 bxc6 15. Qa4 c5 16. dxc5 Qxc5 17. Rac1 Qb6 18. b3 Bb7 19. Qf4 Bxf3 20. Qxf3 Rac8 21. Rxc8 Rxc8 22. Qe2 Qc5 23. g3 e5 24. Re1 f6 25. Rd1 Qc6 26. Qg4 Rf8 27. Rd7 Rf7 28. Rd8+ Rf8 29. Rd7 Rf7 30. Rd8+ Kh7 31. Qf5+ g6 32. Qd3 Qc1+ 33. Kg2 Qc6+ 34. Qd5 Qxd5+ 35. Rxd5 Kg7 36. Kf3 Rc7 37. Ke3 Kf7 38. Kd3 Ke6 39. Rd8 f5 40. Rh8 h5 41. h4 e4+ 42. Kd2 Rd7+ 43. Ke2 Ke5 44. Re8+ Kd5 45. Rc8 Rd6 46. Ke3 Ke5 47. Rc5+ Ke6 48. Kf4 Kf6 49. Ke3 Rd3+ 50. Ke2 Rd6 51. Rc7 a6 52. a3 Rb6 53. b4 Ke5 54. Rc5+ Kd4 55. Kd2 Rd6 56. Rc8 Ke5+ 57. Ke2 Kf6 58. a4 Rb6 59. Rc4 Ke5 60. Ke3 Kd5 61. Rc5+ Kd6 62. Rc4 Kd5 63. Rd4+ Ke6 64. Kf4 Rc6 65. Kg5 Kf7 66. Rd7+ Ke6 67. Ra7 Kd5 68. b5 axb5 69. axb5 Rb6 70. Ra6 Rxb5 71. Kxg6 Rb2 72. Ra5+ Kd4 73. Rxf5 Rb6+ 74. Kxh5 Rb8 75. Kg4 Rg8+ 76. Kf4 Re8 77. h5 e3 78. fxe3+ 1-0


[Site "https://www.chess.com"]

[Event "Titled Tuesday Blitz July 18 Late 2023"]
[White "Prydun, Andriy"]
[Black "Risteski, Emil"]
[WhiteFideId "14145898"]
[BlackFideId "15005267"]
[WhiteElo "2355"]
[BlackElo "2538"]
[Result "0-1"]
[Round "2"]
[TimeControl "180+2"]
[Date "2023.07.18"]
[WhiteClock "0:00:01"]
[BlackClock "0:00:21"]
[Board "130"]

1. e4 d6 2. d4 Nf6 3. Nc3 e5 4. d5 c6 5. dxc6 Nxc6 6. Bc4 Be7 7. Bg5 O-O 8. Nge2 Nxe4 9. Nxe4 Bxg5 10. Qxd6 Be7 11. Qd5 Qxd5 12. Bxd5 Nb4 13. Bb3 Bf5 14. N2g3 Bg6 15. a3 Nc6 16. c3 Rad8 17. h4 h6 18. h5 Bh7 19. O-O Na5 20. Ba2 b6 21. f4 exf4 22. Rxf4 g5 23. Rf3 Nc6 24. Nf6+ Bxf6 25. Rxf6 Ne5 26. Raf1 Kg7 27. R6f2 f6 28. Re1 Rd7 29. Rfe2 Rfd8 30. Be6 Rd1 31. Bf5 Bg8 32. Kf2 Bf7 33. Rxd1 Rxd1 34. Bc2 Rc1 35. Nf5+ Kf8 36. Nxh6 Bxh5 37. Rd2 Ng4+ 38. Kg3 Nxh6 39. Bb3 Bf7 40. Bxf7 Nxf7 41. Rd7 a5 42. Rb7 Rc2 43. Rxb6 Kg7 44. a4 Kg6 45. Kh2 g4 46. b4 axb4 47. cxb4 Kg5 48. a5 f5 49. a6 Ra2 50. Rb7 Ne5 51. a7 f4 52. Kg1 g3 53. Kf1 f3 54. Rb5 Kf4 55. gxf3 g2+ 56. Kg1 Nxf3# 0-1


[Site "https://www.chess.com"]

[Event "Titled Tuesday Blitz July 18 Late 2023"]
[White "Kostiukov, Alexandr"]
[Black "Tikhonov, Viacheslav"]
[WhiteFideId "14108100"]
[BlackFideId "44196407"]
[WhiteElo "2353"]
[BlackElo "2538"]
[Result "0-1"]
[Round "2"]
[TimeControl "180+2"]
[Date "2023.07.18"]
[WhiteClock "0:00:00"]
[BlackClock "0:00:04"]
[Board "131"]

1. g3 Nf6 2. Bg2 g6 3. c4 Bg7 4. Nf3 O-O 5. O-O c5 6. d4 cxd4 7. Nxd4 Nc6 8. c5 Nxd4 9. Qxd4 Ne8 10. Qh4 d6 11. Rd1 Qc7 12. cxd6 Nxd6 13. Nc3 Be6 14. Bf4 Qb6 15. Qxe7 Nf5 16. Qa3 Nd4 17. Rac1 Nb5 18. Nxb5 Qxb5 19. b3 Qxe2 20. Rd2 Qb5 21. Qc5 Qa6 22. Qb4 Rfc8 23. Rxc8+ Rxc8 24. h4 Bc3 25. Rd8+ Rxd8 26. Qxc3 Bd5 27. Bh6 f6 28. Bxd5+ Rxd5 29. Qc8+ Kf7 30. Qf8+ Ke6 31. Qe8+ Kd6 32. Bf8+ Kc7 0-1


[Site "https://www.chess.com"]

[Event "Titled Tuesday Blitz July 18 Late 2023"]
[White "Koc, Przemyslaw"]
[Black "morozcoma"]
[WhiteFideId "1109081"]
[WhiteElo "2537"]
[BlackElo "2352"]
[Result "1-0"]
[Round "2"]
[TimeControl "180+2"]
[Date "2023.07.18"]
[WhiteClock "0:00:38"]
[BlackClock "0:00:45"]
[Board "132"]

1. Nf3 d5 2. g3 Nf6 3. Bg2 e6 4. O-O Be7 5. d3 O-O 6. Nbd2 c5 7. e4 Nc6 8. Re1 b5 9. e5 Nd7 10. Nf1 Qc7 11. Bf4 a5 12. Ne3 d4 13. Ng4 Bb7 14. h4 Nb6 15. h5 Nd5 16. Qd2 Nxf4 17. Qxf4 f5 18. exf6 Bd6 19. Qg5 Rae8 20. Nd2 Kh8 21. fxg7+ Qxg7 22. Qxg7+ Kxg7 23. Ne4 Be7 24. a4 b4 25. b3 Rf5 26. h6+ Kg6 27. f4 e5 28. Nd2 Bf6 29. Be4 exf4 30. Bxf5+ Kxf5 31. Rxe8 Kxg4 32. gxf4 Ne7 33. Ne4 Bh4 34. Rf1 Nf5 35. Nxc5 Bc6 36. Rh8 Ng3 37. Ne4 Nxe4 38. dxe4 Bxe4 39. f5 Bxf5 40. Rg8+ Bg6 41. Rxg6+ hxg6 42. h7 Bf6 43. Rxf6 1-0


[Site "https://www.chess.com"]

[Event "Titled Tuesday Blitz July 18 Late 2023"]
[White "MFatigue"]
[Black "AndresDelgado77"]
[WhiteElo "2525"]
[BlackElo "2351"]
[Result "1-0"]
[Round "2"]
[TimeControl "180+2"]
[Date "2023.07.18"]
[WhiteClock "0:00:16"]
[BlackClock "0:00:02"]
[Board "133"]

1. e4 e6 2. d4 d5 3. Nc3 Nf6 4. e5 Nfd7 5. f4 c5 6. Nf3 Nc6 7. Be3 Qb6 8. Na4 Qa5+ 9. c3 b6 10. b3 cxd4 11. b4 Nxb4 12. cxb4 Bxb4+ 13. Bd2 Bxd2+ 14. Nxd2 Nc5 15. Nxc5 bxc5 16. Kf2 Qc3 17. Bb5+ Ke7 18. Qe2 Rb8 19. Rhc1 Qe3+ 20. Ke1 Rxb5 21. Qxe3 dxe3 22. Nb3 c4 23. Nd4 Rb2 24. Rc2 Rxc2 25. Nxc2 Bd7 26. Rb1 a6 27. Nxe3 Bb5 28. Nc2 Rc8 29. Nd4 Rc5 30. Kd2 c3+ 31. Kc2 Ba4+ 32. Kd3 Bb5+ 33. Kc2 Rc4 34. Nxb5 axb5 35. Rxb5 Rxf4 36. Kxc3 Rf2 37. a4 Rxg2 38. Rb7+ Ke8 39. Rb8+ Kd7 40. Rb7+ Kc6 41. Rxf7 Kc5 42. a5 d4+ 43. Kd3 Kd5 44. a6 Rxh2 45. Rxg7 Rh3+ 46. Kd2 Ra3 47. a7 Kxe5 48. Rxh7 Kd5 49. Rd7+ Ke4 50. Rb7 Ra2+ 51. Kc1 e5 52. Kb1 Ra6 53. Kc2 d3+ 54. Kc3 Ke3 55. Rh7 e4 56. Rh3+ Ke2 57. Rh2+ Kf3 58. Rh3+ Kf4 59. Rh4+ Ke5 60. Rh5+ Kf4 61. Rh4+ Kf3 62. Rh3+ Kf2 63. Rh2+ Kg3 64. Rh7 Ra3+ 65. Kb2 d2 66. Rd7 e3 67. Kxa3 e2 68. a8=Q d1=Q 69. Qg8+ Kf2 70. Rf7+ Ke1 71. Qg3+ Kd2 72. Rd7+ Kc2 73. Qb3+ Kc1 74. Qb2# 1-0


[Site "https://www.chess.com"]

[Event "Titled Tuesday Blitz July 18 Late 2023"]
[White "Figorito, Nick"]
[Black "Ismayil, Malak"]
[WhiteFideId "30923689"]
[BlackFideId "13412604"]
[WhiteElo "2349"]
[BlackElo "2525"]
[Result "1-0"]
[Round "2"]
[TimeControl "180+2"]
[Date "2023.07.18"]
[WhiteClock "0:00:24"]
[BlackClock "0:00:22"]
[Board "134"]

1. Nf3 Nf6 2. g3 d5 3. Bg2 e6 4. O-O Be7 5. d4 O-O 6. c4 c6 7. Qc2 dxc4 8. Qxc4 b5 9. Qc2 Bb7 10. Rd1 Nbd7 11. Ne5 Rc8 12. Nc3 Qb6 13. Bg5 Rfd8 14. Nxd7 Rxd7 15. e3 h6 16. Bxf6 Bxf6 17. Ne4 Be7 18. a3 Rcd8 19. b4 a5 20. Nc5 Bxc5 21. dxc5 Qc7 22. Rxd7 Qxd7 23. bxa5 Qc7 24. Qc3 Ra8 25. Rd1 Rxa5 26. Rd6 Ra8 27. Qd3 Rb8 28. Rd7 Qe5 29. Qd6 Qxd6 30. cxd6 Kf8 31. Rc7 Ke8 32. Rxb7 Rd8 33. Bxc6+ Kf8 34. d7 Ke7 35. Bxb5 Kd6 36. a4 Ra8 37. Rb6+ Kc7 38. Rc6+ Kd8 39. Rc8+ Rxc8 40. dxc8=Q+ Kxc8 41. h4 Kc7 42. Kg2 Kb6 43. Kf3 f6 44. Ke4 g6 45. Kd4 g5 46. Ke4 Kc5 47. hxg5 hxg5 48. Kf3 Kd6 49. Kg4 Kc5 50. Kh5 e5 51. Kg6 e4 52. Kxf6 1-0


[Site "https://www.chess.com"]

[Event "Titled Tuesday Blitz July 18 Late 2023"]
[White "Kanyamarala, Trisha"]
[Black "ATM622"]
[WhiteFideId "45004722"]
[WhiteElo "2349"]
[BlackElo "2521"]
[Result "1/2-1/2"]
[Round "2"]
[TimeControl "180+2"]
[Date "2023.07.18"]
[WhiteClock "0:00:10"]
[BlackClock "0:01:00"]
[Board "135"]

1. c4 e5 2. Nc3 f5 3. g3 Nf6 4. Bg2 Be7 5. Nf3 O-O 6. O-O e4 7. Nd4 d5 8. cxd5 Nxd5 9. Nxd5 Qxd5 10. Nc2 c5 11. d3 Be6 12. dxe4 fxe4 13. Ne3 Qe5 14. Bd2 Rd8 15. Bc3 Rxd1 16. Bxe5 Rxa1 17. Rxa1 Nc6 18. Bc3 Nd4 19. Kf1 Nf5 20. Ng4 Nxg3+ 21. hxg3 Bxg4 22. Bxe4 Be6 23. Bxb7 Rd8 24. Be4 Bf6 25. Bxf6 gxf6 26. Ke1 Kg7 27. a3 Bb3 28. Rc1 c4 29. Bc2 Ba2 30. Ra1 Bb3 31. Bxb3 cxb3 32. Rc1 a5 33. Rc7+ Kg6 34. Rc5 a4 35. Rc4 Kg5 36. Rxa4 Rc8 37. Rd4 Rc1+ 38. Rd1 Rc2 39. Rb1 Kg4 40. a4 Rc4 41. Ra1 Rc2 42. a5 Rxb2 43. a6 Ra2 44. Rb1 b2 45. Kd2 Rxa6 46. Rxb2 Re6 47. Rb7 h5 48. Rg7+ Kh3 49. Rh7 Kg2 50. Ke1 Ra6 51. Rxh5 Ra1+ 52. Kd2 Kxf2 53. Rf5+ Kxg3 54. Rxf6 Ra3 55. e4 Kg4 56. e5 Kg5 57. Rf8 Ra5 58. Re8 Kf5 59. Kd3 Rxe5 60. Rxe5+ Kxe5 1/2-1/2


[Site "https://www.chess.com"]

[Event "Titled Tuesday Blitz July 18 Late 2023"]
[White "Philippe, Guillaume"]
[Black "K2JW"]
[WhiteFideId "36048763"]
[WhiteElo "2512"]
[BlackElo "2347"]
[Result "1-0"]
[Round "2"]
[TimeControl "180+2"]
[Date "2023.07.18"]
[WhiteClock "0:01:58"]
[BlackClock "0:00:34"]
[Board "136"]

1. d4 c6 2. c4 d5 3. Nf3 Nf6 4. e3 e6 5. Nbd2 Nbd7 6. Bd3 dxc4 7. Nxc4 b5 8. Ncd2 a6 9. O-O c5 10. Qe2 Bb7 11. a4 b4 12. Nc4 a5 13. b3 cxd4 14. exd4 Be7 15. Bb2 O-O 16. Nfe5 Nb6 17. Rac1 Nxc4 18. bxc4 Rc8 19. Rfd1 Qe8 20. c5 Qxa4 21. Bb5 Qb3 22. Bc4 Qa4 23. Bb5 Qb3 24. c6 Ba8 25. Ra1 Bd8 26. Bc4 Qxc4 27. Qxc4 1-0


[Site "https://www.chess.com"]

[Event "Titled Tuesday Blitz July 18 Late 2023"]
[White "Slovineanu, Viacheslav"]
[Black "Kanyamarala, Tarun"]
[WhiteFideId "13900510"]
[BlackFideId "45004714"]
[WhiteElo "2345"]
[BlackElo "2507"]
[Result "0-1"]
[Round "2"]
[TimeControl "180+2"]
[Date "2023.07.18"]
[WhiteClock "0:00:00"]
[BlackClock "0:00:33"]
[Board "137"]

1. d4 Nf6 2. Nf3 d6 3. Nc3 Nbd7 4. e4 e5 5. Bc4 Be7 6. a4 O-O 7. O-O c6 8. h3 exd4 9. Qxd4 Nc5 10. Bf4 Be6 11. Rad1 Qc8 12. b4 Bxc4 13. Qxc4 Ne6 14. Bxd6 Bxd6 15. Rxd6 Nf4 16. e5 N6d5 17. Nxd5 Nxd5 18. b5 Nb6 19. Qb3 cxb5 20. axb5 Qf5 21. c4 Rac8 22. Rc1 Qf4 23. Qe3 Qxe3 24. fxe3 Nxc4 25. Rd7 Nxe3 26. Rxc8 Rxc8 27. Rxb7 h6 28. Rxa7 Rc2 29. Ne1 Re2 30. Ra1 Rb2 31. Ra5 Nc4 32. Ra8+ Kh7 33. Rb8 Nxe5 34. b6 Nd7 35. Rb7 Nxb6 36. Rxf7 Nd5 37. Rf2 Rb1 38. Rf1 Ne3 39. Kf2 Nxf1 40. Kxf1 Kg6 41. Kf2 Rb2+ 42. Kg3 Kf5 43. Nf3 Ke4 44. Kh2 Kf4 45. Nh4 Ke3 46. Kg3 Rb5 47. Nf3 Rf5 48. h4 Ra5 49. Nh2 Ke2 50. Nf3 Kf1 51. h5 Rxh5 52. Nh4 Rxh4 53. Kxh4 Kxg2 0-1


[Site "https://www.chess.com"]

[Event "Titled Tuesday Blitz July 18 Late 2023"]
[White "Dubreuil, Julien"]
[Black "Salazar Farias, Luis German"]
[WhiteFideId "621285"]
[BlackFideId "3902170"]
[WhiteElo "2338"]
[BlackElo "2505"]
[Result "0-1"]
[Round "2"]
[TimeControl "180+2"]
[Date "2023.07.18"]
[WhiteClock "0:00:48"]
[BlackClock "0:01:17"]
[Board "138"]

1. c4 e6 2. g3 d5 3. Bg2 Nf6 4. Nf3 d4 5. e3 Nc6 6. exd4 Nxd4 7. Nc3 Bc5 8. O-O O-O 9. d3 Nxf3+ 10. Qxf3 e5 11. h3 c6 12. Be3 Bxe3 13. fxe3 Qxd3 14. g4 h6 15. c5 Qc4 16. Rac1 Qxc5 17. Ne4 Qe7 18. Nxf6+ Qxf6 19. Qxf6 gxf6 20. Rxf6 Kg7 21. Rcf1 Be6 22. b3 a5 23. R1f2 a4 24. b4 a3 25. Be4 Ra4 26. h4 Rxb4 27. Bf5 Kxf6 0-1


[Site "https://www.chess.com"]

[Event "Titled Tuesday Blitz July 18 Late 2023"]
[White "Melian, Juan Sebastian"]
[Black "ExchangeAB"]
[WhiteFideId "3706575"]
[WhiteElo "2503"]
[BlackElo "2333"]
[Result "0-1"]
[Round "2"]
[TimeControl "180+2"]
[Date "2023.07.18"]
[WhiteClock "0:00:00"]
[BlackClock "0:01:00"]
[Board "139"]

1. b3 d5 2. Bb2 Nf6 3. Nf3 c6 4. g3 Bf5 5. Bg2 h6 6. O-O e6 7. d3 Bh7 8. Nbd2 Nbd7 9. Qe1 Be7 10. e4 O-O 11. Qe2 a5 12. a3 a4 13. b4 c5 14. c3 b5 15. Rfd1 Re8 16. e5 Nh5 17. d4 c4 18. Ne1 g6 19. f4 Ng7 20. Nc2 g5 21. Ne3 gxf4 22. gxf4 Nf5 23. Kh1 Kh8 24. Rg1 Rg8 25. Bh3 Nxe3 26. Qxe3 Bh4 27. Rg4 Rxg4 28. Bxg4 Qe7 29. h3 Rg8 30. Kh2 f5 31. exf6 Nxf6 32. Rg1 Ne4 33. Bc1 Qf6 34. Nf3 Bf2 35. Qe2 Bxg1+ 36. Nxg1 Bf5 37. Bb2 Qg6 0-1


[Site "https://www.chess.com"]

[Event "Titled Tuesday Blitz July 18 Late 2023"]
[White "Avalos Parra, Joao"]
[Black "Mathieu, Phileas"]
[WhiteFideId "3402541"]
[BlackFideId "36048410"]
[WhiteElo "2333"]
[BlackElo "2503"]
[Result "1-0"]
[Round "2"]
[TimeControl "180+2"]
[Date "2023.07.18"]
[WhiteClock "0:00:39"]
[BlackClock "0:01:02"]
[Board "140"]

1. d4 Nf6 2. c4 c5 3. d5 b5 4. Qc2 Qa5+ 5. Bd2 b4 6. e4 d6 7. Nf3 g6 8. Bd3 Bg7 9. O-O O-O 10. a3 Qb6 11. axb4 cxb4 12. Be3 Qb7 13. h3 Nbd7 14. Nbd2 Nc5 15. e5 Nfd7 16. exd6 exd6 17. Bf4 b3 18. Qb1 Qb6 19. Be2 Re8 20. Re1 Ba6 21. Ra3 Ne5 22. Nxe5 dxe5 23. Be3 Bf8 24. Nxb3 Bc8 25. Qa2 a5 26. Ra1 Bb7 27. Nxa5 Qc7 28. Nxb7 Rxa3 29. Qxa3 Nxb7 30. Qa4 Rb8 31. b4 Nd6 32. c5 Ne4 33. Rc1 Qb7 34. c6 Qxb4 35. Qxb4 Bxb4 36. c7 Rf8 37. c8=Q Rxc8 38. Rxc8+ Kg7 39. Rc4 Nc3 40. Rxb4 Nxe2+ 41. Kf1 Nc3 42. d6 Kf6 43. d7 Ke7 44. Rb7 Nd5 45. Bc5+ Kd8 46. Ra7 Nc7 47. Bb6 Kxd7 48. Rxc7+ Ke6 49. Rc6+ Kd5 50. Rc1 f5 51. Ba7 h5 52. Bb8 e4 53. Re1 Kc4 54. f3 Kd3 55. fxe4 fxe4 56. Bf4 Kd4 57. Be3+ Ke5 58. Kf2 Kf5 59. Ra1 g5 60. Ra5+ Kg6 61. Rxg5+ Kh6 62. Re5+ Kg6 63. Rxe4 h4 64. Rxh4 Kf5 65. Ra4 Kg6 66. Bc1 Kh5 67. Bd2 Kg6 68. Be1 Kg5 69. Kg3 Kg6 70. h4 Kh5 71. Kh3 Kg6 72. g4 Kf6 73. h5 Ke5 74. Ra5+ Ke6 75. h6 Kf6 76. g5+ Kf7 77. Ra6 Ke7 78. Kg4 Kf7 79. g6+ Ke7 80. Kg5 Kd7 81. h7 Ke7 82. Rf6 Kd7 83. h8=Q Ke7 84. Qg7+ Ke8 85. Rf8# 1-0


[Site "https://www.chess.com"]

[Event "Titled Tuesday Blitz July 18 Late 2023"]
[White "Kisic, Bozidar"]
[Black "Kujawski, Adam"]
[WhiteFideId "16500350"]
[BlackFideId "1100920"]
[WhiteElo "2502"]
[BlackElo "2332"]
[Result "1-0"]
[Round "2"]
[TimeControl "180+2"]
[Date "2023.07.18"]
[WhiteClock "0:01:29"]
[BlackClock "0:00:02"]
[Board "141"]

1. d4 Nf6 2. Bg5 c5 3. d5 Ne4 4. h4 Qb6 5. Nd2 Nxg5 6. hxg5 Qxb2 7. g6 fxg6 8. e4 d6 9. Rb1 Qf6 10. Ngf3 Nd7 11. Bb5 a6 12. Bxd7+ Kxd7 13. e5 dxe5 14. Nc4 Kc7 15. Qd2 Rb8 16. Nfxe5 g5 17. O-O g6 18. Rb6 Qf4 19. Qa5 Bg7 20. Rc6# 1-0


[Site "https://www.chess.com"]

[Event "Titled Tuesday Blitz July 18 Late 2023"]
[White "Seletsky, Grigory"]
[Black "Vifleemskaia, Svetlana"]
[WhiteFideId "14112191"]
[BlackFideId "4129490"]
[WhiteElo "2500"]
[BlackElo "2327"]
[Result "1-0"]
[Round "2"]
[TimeControl "180+2"]
[Date "2023.07.18"]
[WhiteClock "0:00:34"]
[BlackClock "0:00:00"]
[Board "142"]

1. d4 Nf6 2. c4 e6 3. a3 c5 4. dxc5 Bxc5 5. b4 Be7 6. Bb2 a5 7. b5 b6 8. Nf3 Bb7 9. e3 d6 10. Be2 Nbd7 11. O-O Rc8 12. Nbd2 O-O 13. Rb1 Nc5 14. h3 d5 15. Nd4 Nce4 16. Nxe4 Nxe4 17. cxd5 Bxd5 18. Bf3 Bf6 19. Nc6 Bxc6 20. bxc6 Nd2 21. Bxf6 gxf6 22. Qa4 Nxf3+ 23. gxf3 Qd5 24. Qf4 Rxc6 25. Qxf6 e5 26. Qf5 Rg6+ 27. Kh2 b5 28. Rg1 Qa2 29. Rbf1 Qxa3 30. h4 Qd6 31. h5 Rxg1 32. Rxg1+ Kh8 33. Rd1 Qe6 34. Qg5 Rg8 35. Rd8 f6 36. Rxg8+ Qxg8 37. Qxf6+ Qg7 38. Qd8+ Qg8 39. Qxa5 Qe6 40. Qxb5 Kg7 41. Qb4 Qf5 42. Qg4+ Qxg4 43. fxg4 Kf6 44. f4 1-0


[Site "https://www.chess.com"]

[Event "Titled Tuesday Blitz July 18 Late 2023"]
[White "Alain_Otero"]
[Black "Taboas Rodriguez, Daniel"]
[BlackFideId "2208466"]
[WhiteElo "2325"]
[BlackElo "2500"]
[Result "1-0"]
[Round "2"]
[TimeControl "180+2"]
[Date "2023.07.18"]
[WhiteClock "0:00:19"]
[BlackClock "0:01:10"]
[Board "143"]

1. e4 e5 2. Nf3 Nc6 3. Bb5 Nf6 4. d3 d6 5. O-O Bd7 6. Nc3 g6 7. d4 Bg7 8. Re1 O-O 9. Be3 Re8 10. d5 Nb8 11. Bxd7 Nbxd7 12. Qd2 Ng4 13. Bg5 Bf6 14. h3 Bxg5 15. Nxg5 Ngf6 16. b4 Kg7 17. a4 Nh5 18. a5 Nf4 19. Nf3 Qf6 20. Kh2 a6 21. Ra3 g5 22. Nd1 h5 23. g3 Nxh3 24. Kxh3 g4+ 25. Kg2 gxf3+ 26. Rxf3 Qg6 27. Ne3 Rh8 28. Nf5+ Kf8 29. Nh4 Qg4 30. Qc3 Rc8 31. Ree3 Rg8 32. Kh2 Qg5 33. Rf5 Qg7 34. Ref3 f6 35. Rxh5 Kf7 36. Nf5 Qg4 37. Nh6+ Kg6 38. Nxg4 Kxh5 39. Nxf6+ Nxf6 40. Rxf6 Kg4 41. Qf3+ Kg5 42. Qf5# 1-0


[Site "https://www.chess.com"]

[Event "Titled Tuesday Blitz July 18 Late 2023"]
[White "Yeritsyan, Hayk"]
[Black "Arias Igual, Alejandro"]
[WhiteFideId "13307320"]
[BlackFideId "2254905"]
[WhiteElo "2498"]
[BlackElo "2325"]
[Result "1-0"]
[Round "2"]
[TimeControl "180+2"]
[Date "2023.07.18"]
[WhiteClock "0:00:24"]
[BlackClock "0:00:00"]
[Board "144"]

1. d4 d5 2. Nf3 e6 3. e3 Nf6 4. Bd3 c5 5. c3 Nc6 6. Nbd2 Be7 7. Qe2 O-O 8. O-O Qc7 9. dxc5 Bxc5 10. e4 dxe4 11. Nxe4 Nxe4 12. Qxe4 f5 13. Qe2 Bd7 14. Re1 Rae8 15. Bc4 Kh8 16. b4 Bd6 17. Bb2 Be7 18. Rad1 Bc8 19. Bb3 Bf6 20. a3 Qf4 21. c4 Bxb2 22. Qxb2 e5 23. Qd2 Qg4 24. h3 Qh5 25. b5 e4 26. Nd4 Nxd4 27. Qxd4 f4 28. Rxe4 Rxe4 29. Qxe4 f3 30. Qe7 Rg8 31. Rd8 h6 32. c5 Rxd8 33. Qxd8+ Kh7 34. Qg8+ Kg6 35. Bf7+ 1-0


[Site "https://www.chess.com"]

[Event "Titled Tuesday Blitz July 18 Late 2023"]
[White "Schuster, Karsten"]
[Black "Shapiro, Viktor"]
[WhiteFideId "4611071"]
[BlackFideId "4175700"]
[WhiteElo "2323"]
[BlackElo "2493"]
[Result "1/2-1/2"]
[Round "2"]
[TimeControl "180+2"]
[Date "2023.07.18"]
[WhiteClock "0:00:33"]
[BlackClock "0:00:21"]
[Board "145"]

1. Nf3 Nf6 2. b3 c5 3. Bb2 Nc6 4. e3 g6 5. Be2 Bg7 6. O-O O-O 7. c4 a6 8. d4 d6 9. d5 Na5 10. Bc3 b5 11. Qd2 b4 12. Bb2 Ne4 13. Qc1 Bxb2 14. Qxb2 e6 15. dxe6 Bxe6 16. Nbd2 Qf6 17. Qxf6 Nxf6 18. Ng5 Rad8 19. Rad1 Nc6 20. Nde4 Ne8 21. f4 h6 22. Nxe6 fxe6 23. Bf3 Kf7 24. Nxd6+ Nxd6 25. Bxc6 Nf5 26. Kf2 g5 27. g3 Ke7 28. Be4 Nd6 29. Bc2 e5 30. Ke2 exf4 31. exf4 gxf4 32. Rxf4 Rxf4 33. gxf4 Rg8 34. Kf3 Kd7 35. f5 Kc6 36. h4 h5 37. Re1 Rg4 38. Re6 Kd7 39. Re5 Rxh4 40. Rxc5 Rd4 41. Rd5 Rxd5 42. cxd5 Ke7 43. Kf4 Kf6 44. Bd3 a5 45. Be2 h4 46. Bg4 Nb5 47. Ke3 Nc3 48. d6 Nxa2 49. Kd4 Nc3 50. Kc4 Ne4 51. d7 Ke7 52. Kd5 Nf6+ 53. Kc6 Kd8 54. Bh3 Nxd7 55. Kb5 Kc7 56. Kxa5 Kc6 57. Kxb4 Kd6 58. Kc4 Ne5+ 59. Kc3 Nf3 60. b4 Ng5 61. Bg2 h3 62. Bh1 Ke5 63. b5 Nf7 64. b6 Nd8 65. Kc4 Kxf5 66. Kd5 Kf6 67. Kd6 h2 68. Kd7 Ne6 69. Kd6 Nd8 70. Kc7 Ke7 71. Bg2 Ne6+ 72. Kc6 Nd8+ 73. Kc7 Ne6+ 74. Kc6 Nd8+ 75. Kd5 Kd7 76. Ke5 Nc6+ 77. Kf4 Na5 78. Kg3 Nc4 79. b7 Kc7 80. Kxh2 Nd6 81. Kg3 Nxb7 1/2-1/2


[Site "https://www.chess.com"]

[Event "Titled Tuesday Blitz July 18 Late 2023"]
[White "Ncatt"]
[Black "Ansh M Shah"]
[BlackFideId "25033379"]
[WhiteElo "2321"]
[BlackElo "2491"]
[Result "0-1"]
[Round "2"]
[TimeControl "180+2"]
[Date "2023.07.18"]
[WhiteClock "0:00:00"]
[BlackClock "0:00:03"]
[Board "146"]

1. e4 c6 2. d4 d5 3. Nc3 dxe4 4. Nxe4 Nf6 5. Nxf6+ exf6 6. c3 Bd6 7. Bd3 O-O 8. Qc2 Re8+ 9. Ne2 h5 10. Be3 Nd7 11. O-O-O Nf8 12. Rhe1 Be6 13. h3 b5 14. Kb1 a5 15. Nf4 Bxf4 16. Bxf4 Qd5 17. b3 a4 18. b4 Qxg2 19. Be4 Qxh3 20. f3 Bd5 21. Rh1 Bxe4 22. fxe4 Qe6 23. Rde1 g6 24. Qf2 Qc4 25. Qg3 Ne6 26. Bd2 Ng7 27. Rhf1 f5 28. e5 Rad8 29. Bg5 Rd7 30. Bf6 c5 31. bxc5 b4 32. Bxg7 bxc3 33. Bh6 Rb8+ 34. Kc1 Qxa2 35. Qd3 Rdb7 36. Kd1 Rb1+ 37. Bc1 Qb2 38. Qc2 Qb3 39. Rf2 Rxc1+ 40. Kxc1 Qc4 41. e6 Rb2 42. exf7+ Kxf7 43. Qxb2 cxb2+ 44. Kb1 Qd3+ 45. Ka2 Qxd4 46. Rxb2 Qxc5 47. Reb1 Qc4+ 48. Ka1 Qc3 49. Ka2 Kf6 0-1


[Site "https://www.chess.com"]

[Event "Titled Tuesday Blitz July 18 Late 2023"]
[White "Kaplan, Avi Harrison"]
[Black "Rietze, Clemens, Dr."]
[WhiteFideId "30934559"]
[BlackFideId "24620351"]
[WhiteElo "2490"]
[BlackElo "2317"]
[Result "1-0"]
[Round "2"]
[TimeControl "180+2"]
[Date "2023.07.18"]
[WhiteClock "0:00:08"]
[BlackClock "0:00:11"]
[Board "147"]

1. e4 c5 2. c3 Nf6 3. e5 Nd5 4. Nf3 e6 5. d4 cxd4 6. cxd4 d6 7. Bd2 Nc6 8. Nc3 Be7 9. Bd3 O-O 10. h4 f5 11. exf6 Nxf6 12. d5 Nb4 13. Bb1 exd5 14. Qb3 a5 15. a3 Na6 16. Nxd5 Be6 17. Nxf6+ Rxf6 18. Bxh7+ Kh8 19. Qe3 Bd5 20. Ng5 Qd7 21. Bc3 Re8 22. O-O-O Bb3 23. Bxf6 Bxd1 24. Bxg7+ Kxg7 25. Kxd1 Bf6 26. Qd3 Kh8 27. Qg6 Rf8 28. Qh5 Kg7 29. Bc2 Rh8 30. Qg6+ Kf8 31. Qxf6+ Ke8 32. Bg6+ Qf7 33. Qxf7+ Kd8 34. Ne6+ Kc8 35. Bf5 Kb8 36. Qf6 Rc8 37. Nd4 Rc5 38. Qxd6+ Rc7 39. Ne6 Ka7 40. Nxc7 Nb8 41. Nb5+ Ka8 42. h5 Nc6 43. h6 Nd4 44. Qxd4 1-0


[Site "https://www.chess.com"]

[Event "Titled Tuesday Blitz July 18 Late 2023"]
[White "Jovic, Stanoje"]
[Black "kiwibobo"]
[WhiteFideId "905020"]
[WhiteElo "2489"]
[BlackElo "2310"]
[Result "1/2-1/2"]
[Round "2"]
[TimeControl "180+2"]
[Date "2023.07.18"]
[WhiteClock "0:00:31"]
[BlackClock "0:01:12"]
[Board "148"]

1. c4 Nf6 2. g3 g6 3. Bg2 c6 4. Nf3 Bg7 5. O-O O-O 6. Nc3 d5 7. cxd5 cxd5 8. d4 Ne4 9. Ne5 Bf5 10. Qb3 Nc6 11. Nxc6 bxc6 12. Nxe4 Bxe4 13. Bxe4 dxe4 14. Rd1 Qb6 15. Qc4 Rfd8 16. Be3 Qxb2 17. Rab1 Qa3 18. Qxc6 Qxa2 19. Qxe4 Qxe2 20. Qxe7 Rxd4 21. Re1 Qc2 22. Rb7 Qf5 23. Bxd4 Bxd4 24. Re2 Rc8 25. Qe4 Bxf2+ 26. Kg2 Qxe4+ 27. Rxe4 Bb6 28. h4 h5 29. g4 hxg4 30. Rxg4 Rc5 31. Rf4 Rc2+ 32. Kf1 Bc7 33. Rf2 Rxf2+ 34. Kxf2 Bb6+ 35. Kf3 Kg7 36. Kg4 Kf6 37. Rd7 Ke6 38. Rd1 Kf6 39. Rf1+ Ke6 40. Re1+ Kf6 41. Rf1+ Ke6 42. Re1+ Kf6 43. Rf1+ 1/2-1/2


[Site "https://www.chess.com"]

[Event "Titled Tuesday Blitz July 18 Late 2023"]
[White "Lopez Idarraga, Daniel Eduardo"]
[Black "Novikov, Evgenij"]
[WhiteFideId "4405501"]
[BlackFideId "4125380"]
[WhiteElo "2304"]
[BlackElo "2488"]
[Result "0-1"]
[Round "2"]
[TimeControl "180+2"]
[Date "2023.07.18"]
[WhiteClock "0:01:29"]
[BlackClock "0:00:23"]
[Board "149"]

1. d4 Nf6 2. Bf4 g6 3. e3 Bg7 4. Nf3 O-O 5. Be2 d6 6. O-O Nh5 7. Bg5 h6 8. Bh4 c6 9. Nfd2 Nf6 10. c3 Qc7 11. a4 a5 12. Na3 Nbd7 13. e4 e5 14. dxe5 dxe5 15. Nac4 b6 16. Re1 Nc5 17. Bf1 Be6 18. Qf3 Nh5 19. Rad1 Nxa4 20. b4 Nf4 21. Bg3 g5 22. h3 axb4 23. cxb4 b5 24. Ne3 Nb2 25. Rb1 Nbd3 26. Red1 Rfd8 27. Nb3 Ra2 28. Bxf4 Nxf4 29. Nc5 Rdd2 30. Rxd2 Rxd2 31. Rd1 Rd4 32. Rxd4 exd4 33. Nf5 Bxf5 34. exf5 Nd5 35. Bxb5 Nxb4 36. Bc4 Qe5 37. Nd3 Nxd3 38. Qxd3 Bf8 39. g4 Bd6 40. Qb3 Qh2+ 41. Kf1 Qh1+ 42. Ke2 Qe4+ 43. Kf1 Kg7 44. Bxf7 d3 45. Qe6 Qh1# 0-1


[Site "https://www.chess.com"]